[Event "Team 45 45 League T24"]
[Site "Internet Chess Club"]
[Date "2004.09.20"]
[Round "2"]
[White "CraigCKlein"]
[Black "hondocando"]
[Result "1-0"]
[WhiteElo "1801"]
[BlackElo "1625"]
[TimeControl "2700+45"]

1. d4 g6 2. c4 Bg7 3. Nc3 d6 4. e4 Nd7 5. Be3 Ngf6 6. Be2 O-O 7. h4 c5 8. h5
cxd4 9. Bxd4 Ne5 10. hxg6 fxg6 11. Qb3 e6 12. O-O-O Qe7 13. Bxe5 dxe5 14. Nh3 b6
15. Kb1 Bb7 16. f3 Bh6 17. g4 Be3 18. Rd3 Bd4 19. Nb5 Rfd8 20. Rhd1 Qc5 21. Ng5
Bc8 22. f4 a6 23. Nxd4 exd4 24. e5 Ne8 25. Ne4 Qa5 26. Bf3 Bb7 27. Ng5 Bxf3 28.
Nxf3 b5 29. cxb5 axb5 30. Qxe6+ Kh8 31. Ng5 Ra6 32. Nf7+ Kg7 33. Nxd8 Rxe6 34.
Nxe6+ Kh8 35. Rxd4 Kg8 36. Rd8 Kf7 37. Ng5+ Kf8 38. Nxh7+ Kg7 39. g5 Kf7 40.
R1d7+ Ke6 41. Nf8+ Kf5 42. Rf7+ Ke4 43. Rd1 Nc7 44. e6 Nd5 45. e7 Nc7 46. Nxg6
Qb6 47. Rf6 Qa7 48. Re1+ Kd3 49. Rd6+ Kc4 50. Rc6+ Kd5 51. Rxc7 Qxc7 52. Rd1+
Ke4 53. e8=Q+ Kf3 54. Ne5+ Kg3 55. Qh5 Qc8 56. Qf3+ Kh2 57. Rh1# {Black
checkmated} 1-0

[Event "Team 45 45 League T24"]
[Site "Internet Chess Club"]
[Date "2004.09.18"]
[Round "2"]
[White "WarHawk"]
[Black "Pilgrim"]
[Result "0-1"]
[WhiteElo "1608"]
[BlackElo "1610"]
[TimeControl "2700+45"]

1. d4 Nf6 2. Nc3 e6 3. e4 c5 4. Nf3 cxd4 5. Nxd4 Qb6 6. Rb1 Bb4 7. Ne2 Ng4 8.
Qd4 Bc5 9. Qxg7 Bxf2+ 10. Kd1 Qd6+ 11. Nd5 Rf8 12. Qxg4 exd5 13. Bf4 Qc6 14. e5
d6 15. Qf3 dxe5 16. Bxe5 Nd7 17. Bg7 Rg8 18. Qxf2 Rxg7 19. Nc3 Kf8 20. Bb5 Qd6
21. h3 Nf6 22. Re1 a6 23. Qxf6 Bg4+ 24. hxg4 Qxf6 25. Bd3 Rxg4 26. Rf1 Qg5
{White resigns} 0-1

[Event "Team 45 45 League T24"]
[Site "Internet Chess Club"]
[Date "2004.09.16"]
[Round "2"]
[White "Smart"]
[Black "David-Carioca"]
[Result "1-0"]
[WhiteElo "1518"]
[BlackElo "1512"]
[TimeControl "2700+45"]

1. e4 e6 2. d3 d5 3. Nd2 Nf6 4. Ngf3 Be7 5. g3 Nc6 6. Bg2 e5 7. O-O d4 8. h3 Be6
9. Re1 Qd6 10. a3 O-O-O 11. b4 Nd7 12. Nb3 Rdg8 13. Bd2 g5 14. b5 Nd8 15. Bb4 c5
16. bxc6 Qxc6 17. Bxe7 f6 18. Nh2 h5 19. Qb1 b6 20. Bb4 Bxh3 21. Bxh3 g4 22. Bg2
h4 23. Nf1 h3 24. Bh1 Qe6 25. Nh2 Nf7 26. Bd2 Ng5 27. Bxg5 Rxg5 28. Nd2 Nc5 29.
a4 f5 30. exf5 Rxf5 31. Ne4 Nxe4 32. Bxe4 Rf6 33. a5 Rhf8 34. Rf1 Qf7 35. Qb3
Qxb3 36. cxb3 Rg8 37. axb6 Rxb6 38. Rxa7 Rg5 39. Rc1+ Kd8 40. Rb1 Rb5 41. b4 Ke8
42. Ra5 Rb8 43. b5 {Black resigns} 1-0

[Event "Team 45 45 League T24"]
[Site "Internet Chess Club"]
[Date "2004.09.22"]
[Round "2"]
[White "fuzzface"]
[Black "rabanito"]
[Result "0-1"]
[WhiteElo "1342"]
[BlackElo "1504"]
[TimeControl "2700+45"]

1. e4 e5 2. Nf3 Nc6 3. c4 Nf6 4. Nc3 Bc5 5. h3 d6 6. d3 O-O 7. Bg5 h6 8. Bxf6
Qxf6 9. Nd5 Qd8 10. Rb1 a5 11. a3 Nd4 12. Nc3 c6 13. Nxd4 Bxd4 14. Ne2 Ba7 15.
Qd2 Qf6 16. Nc3 Bd7 17. g3 b5 18. Nd1 Bd4 19. Bg2 bxc4 20. dxc4 c5 21. O-O Rfb8
22. Kh2 Be6 23. Ne3 Rb3 24. a4 Rab8 25. Qxa5 Rxb2 26. Rxb2 Rxb2 27. Qa8+ Kh7 28.
Nd5 Bxd5 29. Qxd5 Rxf2 30. Rb1 Rxg2+ 31. Kxg2 Qf2+ 32. Kh1 Qf3+ 33. Kh2 Bf2 34.
Rb3 Qxb3 35. Kg2 Qxg3+ 36. Kf1 Be3 37. Qxf7 Qxh3+ 38. Ke2 Bf4 39. Qf5+ Qxf5 40.
exf5 Bg5 41. a5 Bd8 42. a6 Bb6 43. Kd3 h5 44. Ke3 Kh6 45. Ke4 Kg5 46. Kd5 h4 47.
Kc6 Ba7 48. Kb7 h3 49. Kxa7 h2 50. Kb7 h1=Q+ 51. Kb8 Qh8+ 52. Kb7 e4 53. a7 e3
{White resigns} 0-1

[Event "Team 45 45 League T24"]
[Site "Internet Chess Club"]
[Date "2004.09.21"]
[Round "2"]
[White "burnsja2003"]
[Black "siddhu"]
[Result "1-0"]
[WhiteElo "1692"]
[BlackElo "1835"]
[TimeControl "2700+45"]

1. d4 d5 2. c4 c6 3. Nf3 Nf6 4. e3 e6 5. Be2 Nbd7 6. O-O Bb4 7. a3 Bd6 8. Nc3 b6
9. Bd3 c5 10. e4 dxe4 11. Nxe4 Nxe4 12. Bxe4 Rb8 13. dxc5 bxc5 14. Qxd6 {Black
resigns} 1-0

[Event "Team 45 45 League T24"]
[Site "Internet Chess Club"]
[Date "2004.09.18"]
[Round "2"]
[White "jantonio"]
[Black "flachtenai"]
[Result "0-1"]
[WhiteElo "1605"]
[BlackElo "1628"]
[TimeControl "2700+45"]

1. e4 c6 2. d4 d5 3. e5 Bf5 4. Nf3 e6 5. Bd3 Bxd3 6. Qxd3 c5 7. dxc5 Nc6 8. Qb5
Qd7 9. Be3 Nxe5 10. Qxd7+ Nxd7 11. b4 a5 12. c3 Be7 13. O-O Bf6 14. Nd4 Ne7 15.
Nd2 O-O 16. a3 Rfc8 17. Nb5 Nf5 18. Nb3 Nxe3 19. fxe3 axb4 20. axb4 Be5 21. Rxa8
Rxa8 22. Ra1 Rxa1+ 23. Nxa1 f5 24. Nb3 Kf7 25. Nd6+ Bxd6 26. cxd6 b6 27. Nd4 g6
28. Kf1 e5 29. Nb5 Ke6 30. Ke2 h5 31. h4 Nf6 32. Kd3 Ne4 33. c4 dxc4+ 34. Kxc4
Nxd6+ 35. Nxd6 Kxd6 36. b5 Ke6 37. g3 Kd6 38. Kb4 Kd5 39. Kb3 Ke4 40. Kc4 Kxe3
41. Kd5 e4 42. Kc6 Kf3 43. Kxb6 e3 44. Ka7 e2 45. b6 e1=Q 46. b7 Qa1+ {White
resigns} 0-1

[Event "Team 45 45 League T24"]
[Site "Internet Chess Club"]
[Date "2004.09.16"]
[Round "2"]
[White "klutzer"]
[Black "clarinetref"]
[Result "1-0"]
[WhiteElo "1573"]
[BlackElo "1426"]
[TimeControl "2700+45"]

1. d4 Nf6 2. Bg5 Ne4 3. Bf4 e6 4. f3 Nf6 5. e4 Bb4+ 6. c3 Be7 7. Bd3 c5 8. Nd2
cxd4 9. cxd4 d5 10. e5 Nh5 11. Bg3 Bh4 12. Ne2 g6 13. O-O Nc6 14. Bb5 Bd7 15. a3
Bxg3 16. hxg3 Nxg3 17. Nxg3 Nxd4 18. Bxd7+ Qxd7 19. Nb3 Nc6 20. Re1 O-O 21. Nd4
Ne7 22. Rc1 f6 23. Qe2 Qd8 24. Nxe6 Qb6+ 25. Kh1 Qxe6 26. exf6 Qxe2 27. Rxe2 Nc6
28. Rd2 Rad8 29. Rcd1 d4 30. Ne4 Rd7 31. Kg1 Kf7 32. Ng5+ Kg8 33. f7+ Kg7 34.
Ne6+ Kxf7 35. Nxf8 Kxf8 36. Kf2 Ke7 37. Re2+ Kd6 38. Re4 Kc5 39. Ke2 Rd5 40. Kd3
Ne5+ 41. Kc2 b5 42. Kb3 a5 43. Rf4 a4+ 44. Kc2 d3+ 45. Kc3 h6 46. Rf8 Rd4 47.
Rc8+ Kd5 48. Rd8+ Kc5 49. Rxd4 Nc6 50. R4xd3 b4+ 51. axb4+ Nxb4 52. Rd6 Na2+ 53.
Kc2 Nb4+ 54. Kb1 {Black resigns} 1-0

[Event "Team 45 45 League T24"]
[Site "Internet Chess Club"]
[Date "2004.09.18"]
[Round "2"]
[White "SeanT"]
[Black "softpawn"]
[Result "0-1"]
[WhiteElo "1327"]
[BlackElo "1596"]
[TimeControl "2700+45"]

1. e3 e5 2. Nc3 d5 3. d4 exd4 4. exd4 Nf6 5. Qe2+ Be7 6. f3 O-O 7. Bf4 Re8 8.
O-O-O a6 9. Be5 b5 10. Qf2 Bd7 11. Bd3 b4 12. Nb1 Nc6 13. Qh4 g6 14. b3 Nh5 15.
Qf2 Nxe5 16. dxe5 Nf4 17. Qd4 Bg5 18. Kb2 a5 19. g3 Nxd3+ 20. Rxd3 Be7 21. Qxd5
a4 22. Qxd7 a3+ 23. Kc1 Qb8 24. Ne2 Qb7 25. Rhd1 Bg5+ 26. f4 Be7 27. Nd2 Rad8
28. Qg4 Rxd3 29. cxd3 c5 30. Nc4 Qg2 31. h4 h5 32. Qd7 Kf8 33. Kd2 Rd8 34. Qc7
Qf3 35. Nd6 c4 36. Qxc4 Bxd6 37. exd6 Rxd6 38. d4 Re6 39. Qxb4+ Kg8 40. Qc4 Qe3+
41. Ke1 Qxg3+ 42. Kd2 Qe3+ 43. Kc2 Qxe2+ 44. Qxe2 Rxe2+ 45. Kb1 Rf2 46. d5 Rxf4
47. d6 Kf8 48. Re1 Rd4 49. Re3 Rxd6 50. b4 Rd4 51. b5 Rb4+ 52. Rb3 Rxb3+ 53.
axb3 Ke8 54. Ka2 Kd8 55. Kxa3 Kc8 56. Ka4 Kb7 57. Ka5 f6 58. b6 f5 59. Kb5 f4
60. Kc4 f3 {White resigns} 0-1

[Event "Team 45 45 League T24"]
[Site "Internet Chess Club"]
[Date "2004.09.15"]
[Round "2"]
[White "bigarrow"]
[Black "NESKAYA"]
[Result "1-0"]
[WhiteElo "1743"]
[BlackElo "1634"]
[TimeControl "2700+45"]

1. e4 e5 2. Nf3 Nc6 3. Bb5 d6 4. d4 Bd7 5. Nc3 exd4 6. Nxd4 Nxd4 7. Qxd4 Bxb5 8.
Nxb5 a6 9. Nc3 Nf6 10. O-O Be7 11. f4 O-O 12. Bd2 b6 13. Rae1 d5 14. Qa4 dxe4
15. Nxe4 Nxe4 16. Rxe4 Bf6 17. Bc1 c5 18. Qb3 b5 19. Rfe1 Qb6 20. c4 b4 21. Qc2
g6 22. b3 Bg7 23. Bb2 Bxb2 24. Qxb2 Qc6 25. Qf2 Rae8 26. Re5 Rxe5 27. Rxe5 Rc8
28. Qe3 Qf6 29. h3 a5 30. g4 Rd8 31. Kf2 Rd4 32. Rxc5 Rxf4+ 33. Kg3 Rf1 34. Rxa5
Qd6+ 35. Kg2 Rb1 36. Qe8+ Kg7 37. Re5 Rb2+ 38. Re2 Rd2 39. Qe3 Qc6+ 40. Kg1 Rd1+
41. Re1 Rxe1+ 42. Qxe1 Qf3 43. Qxb4 Qg3+ 44. Kf1 Qxh3+ 45. Ke1 Qh1+ 46. Kd2 Qg2+
47. Kd3 Qxa2 48. c5 Qb1+ 49. Kc4 Qf1+ 50. Kd5 Qf3+ 51. Kd6 Qd3+ 52. Kc6 Qa6+ 53.
Qb6 Qc8+ 54. Kb5 Qxg4 55. c6 Qe2+ 56. Ka5 Qe5+ 57. Ka6 Qe2+ 58. Kb7 Qe4 59. b4
h5 60. Ka7 h4 61. c7 h3 62. c8=Q h2 63. Qc3+ Kf8 64. Qd8+ Qe8 65. Qh8# {Black
checkmated} 1-0

[Event "Team 45 45 League T24"]
[Site "Internet Chess Club"]
[Date "2004.09.16"]
[Round "2"]
[White "AlPearson"]
[Black "Steinwitz"]
[Result "0-1"]
[WhiteElo "1453"]
[BlackElo "1705"]
[TimeControl "2700+45"]

1. e4 e6 2. d4 d5 3. e5 c5 4. c3 Nc6 5. Bd3 Qb6 6. Nf3 cxd4 7. cxd4 Nh6 8. Nc3
g6 9. O-O Bg7 10. Ne2 O-O 11. a3 a5 12. Be3 Qxb2 13. Bc1 Qb6 14. Rb1 Qa7 15. Qa4
Nf5 16. Bd2 Bd7 17. Bb5 Rfd8 18. Rb3 Nb8 19. Rfb1 Nc6 20. R3b2 h6 21. Nc3 Rab8
22. Bxc6 Bxc6 23. Nb5 Bxb5 24. Rxb5 b6 25. Qb3 Bf8 26. a4 Rdc8 27. Kf1 Rc4 28.
g3 Kg7 29. Kg2 g5 30. Bxa5 Qd7 31. Bxb6 g4 32. Nd2 Nxd4 33. Bxd4 Rxd4 34. Rxb8
Rxd2 35. Qb5 Qa7 36. Qe8 Qxf2+ 37. Kh1 Qxh2# {White checkmated} 0-1

[Event "Team 45 45 League T24"]
[Site "Internet Chess Club"]
[Date "2004.09.19"]
[Round "2"]
[White "SpeedBlade"]
[Black "bmw2002"]
[Result "1-0"]
[WhiteElo "1429"]
[BlackElo "1551"]
[TimeControl "2700+45"]

1. c4 c5 2. g3 Nc6 3. Bg2 Nf6 4. Nc3 e6 5. Nf3 Be7 6. d4 O-O 7. d5 exd5 8. cxd5
Nd4 9. Nxd4 d6 10. Nf3 Bg4 11. O-O Qd7 12. Qc2 Bf5 13. e4 Bg6 14. b3 Rac8 15.
Bb2 b5 16. Rfe1 b4 17. Nd1 Nxd5 18. Qd2 Nb6 19. Ne3 Bxe4 20. Nc4 d5 21. Nxb6
axb6 22. Rxe4 Rfd8 23. Ree1 d4 24. Rad1 b5 25. Bf1 Bf6 26. Qd3 c4 27. bxc4 bxc4
28. Qb1 c3 29. Bxc3 bxc3 30. Bd3 Rc5 31. Re2 Qc6 32. Ne1 Rh5 33. Nc2 Qf3 34.
Rde1 g6 35. Re8+ Rxe8 36. Rxe8+ Kg7 37. Qf1 Be5 38. Be2 Qd5 39. Bxh5 d3 40. Bd1
dxc2 41. Bxc2 Bd4 42. a4 Qa2 43. Qd3 Qd5 44. Re1 Qc5 45. Ra1 Bxf2+ 46. Kf1 Bg1
47. Qf3 Bd4 48. a5 Qb5+ 49. Qe2 Qb2 50. Rd1 Qb4 51. a6 Qc5 52. Qd3 Bg1 53. Qe2
Be3 54. Ra1 Qb6 55. a7 Qf6+ 56. Kg2 Qc6+ 57. Qf3 Qxf3+ 58. Kxf3 {Black resigns}
1-0

[Event "Team 45 45 League T24"]
[Site "Internet Chess Club"]
[Date "2004.09.18"]
[Round "2"]
[White "Kasparklunk"]
[Black "DynamoKyiv"]
[Result "1/2-1/2"]
[WhiteElo "1450"]
[BlackElo "1388"]
[TimeControl "2700+45"]

1. e4 e5 2. Nf3 Nc6 3. Bb5 a6 4. Ba4 Nf6 5. O-O b5 6. Bb3 Bb7 7. Re1 Bc5 8. c3
d6 9. d4 Bb6 10. Bg5 O-O 11. dxe5 dxe5 12. Qxd8 Raxd8 13. Bxf6 gxf6 14. Bd5 Kh8
15. Nbd2 Rd6 16. Nb3 Bc8 17. h3 Ne7 18. Rad1 c6 19. c4 cxd5 20. c5 Bxc5 21. Nxc5
Rg8 22. Kh2 Rg6 23. Nh4 Rh6 24. Nf3 f5 25. exf5 e4 26. Ne5 Kg8 27. g4 Rd8 28.
Nxe4 Bb7 29. Ng5 Rf8 30. Nexf7 Rxf7 31. Nxf7 Kxf7 32. Rc1 Rc6 33. Rxc6 Bxc6 34.
Kg3 {Game drawn by mutual agreement} 1/2-1/2

[Event "Team 45 45 League T24"]
[Site "Internet Chess Club"]
[Date "2004.09.19"]
[Round "2"]
[White "kingfischer57"]
[Black "Thersites"]
[Result "1-0"]
[WhiteElo "1834"]
[BlackElo "1686"]
[TimeControl "2700+45"]

1. d4 d5 2. c4 c6 3. Nc3 Nf6 4. Nf3 Bf5 5. Nh4 Bc8 6. e3 e6 7. Bd3 Bd6 8. Nf3
O-O 9. O-O Nbd7 10. cxd5 cxd5 11. Bd2 e5 12. dxe5 Nxe5 13. Nxe5 Bxe5 14. f4 Bc7
15. Rc1 a6 16. Qc2 Bd7 17. Ne2 Rc8 18. Qb1 Re8 19. Ng3 Bb6 20. Rfe1 h6 21. h3
Re7 22. Nf5 Re8 23. Nd6 Rxc1 24. Qxc1 Re6 25. Nxb7 Qb8 26. Nc5 Bxc5 27. Qxc5
Qxb2 28. Bb4 Re8 29. a3 Rc8 30. Qd6 Qb3 31. Bxa6 Rc6 32. Qf8+ Kh7 33. Bf1 Rc2
34. Qxf7 Ra2 35. Bf8 Nh5 36. Qxh5 Qc2 37. Qe5 Qf2+ 38. Kh2 Kg6 39. Qxg7+ Kf5 40.
Bd3+ Ke6 41. Qg6# {Black checkmated} 1-0

[Event "Team 45 45 League T24"]
[Site "Internet Chess Club"]
[Date "2004.09.19"]
[Round "2"]
[White "MrAnderssen"]
[Black "alaskauk"]
[Result "1/2-1/2"]
[WhiteElo "1598"]
[BlackElo "1576"]
[TimeControl "2700+45"]

1. e4 c5 2. Nf3 e6 3. d4 cxd4 4. Nxd4 Nf6 5. Nc3 Nc6 6. Bg5 Be7 7. Qd2 Qb6 8.
Ndb5 a6 9. Be3 Qd8 10. Nd6+ Bxd6 11. Qxd6 Qe7 12. Bf4 e5 13. Qxe7+ Kxe7 14. Bg5
Kf8 15. Bxf6 gxf6 16. O-O-O Kg7 17. g3 Rd8 18. Nd5 Rb8 19. f4 d6 20. Be2 Be6 21.
fxe5 fxe5 22. Rhf1 Bxd5 23. exd5 Ne7 24. Rf2 Rf8 25. Rdf1 Rbd8 26. c4 Rc8 27.
Kd2 f6 28. b3 Ng8 29. Bd3 h6 30. h4 Rce8 31. Be4 b6 32. a4 Rf7 33. Ke3 a5 34.
Bf3 Ref8 35. Bg4 f5 36. Bxf5 Ne7 37. Be6 Rxf2 38. Rxf2 Rxf2 39. Kxf2 Kf6 40. Kf3
Nf5 41. Bxf5 Kxf5 42. g4+ Kf6 43. Ke4 Kg6 44. Kf3 Kf6 45. Ke4 Kg6 46. Kf3 Kf6
47. Ke4 {Game drawn by repetition} 1/2-1/2

[Event "Team 45 45 League T24"]
[Site "Internet Chess Club"]
[Date "2004.09.18"]
[Round "2"]
[White "Mike1948"]
[Black "dougmo"]
[Result "0-1"]
[WhiteElo "1434"]
[BlackElo "1607"]
[TimeControl "2700+45"]

1. c4 Nf6 2. g3 e6 3. Bg2 c6 4. e4 d5 5. e5 Nfd7 6. cxd5 Nxe5 7. dxe6 Bxe6 8.
Nf3 Nd3+ 9. Kf1 Bc5 10. Nc3 Nxf2 11. Qe2 Nxh1 12. Bxh1 O-O 13. Bg2 Re8 14. d3
Bc4 15. Qd2 {White resigns} 0-1

[Event "Team 45 45 League T24"]
[Site "Internet Chess Club"]
[Date "2004.09.18"]
[Round "2"]
[White "Two-DogMan"]
[Black "EyeAm"]
[Result "1-0"]
[WhiteElo "1460"]
[BlackElo "1270"]
[TimeControl "2700+45"]

1. e4 e5 2. Nf3 Nf6 3. Nc3 Nc6 4. Bc4 Nxe4 5. O-O Nd6 6. Bb3 Be7 7. d4 Nxd4 8.
Nxd4 exd4 9. Qxd4 Nf5 10. Qg4 d6 11. Qd1 O-O 12. Ne2 Bf6 13. c3 b6 14. Bc2 Ne7
15. Nf4 Bb7 16. Qg4 Be5 17. Nh5 f5 18. Qg5 g6 19. Nf4 Bxf4 20. Bxf4 Nd5 21. Qg3
Nxf4 22. Qxf4 Qf6 23. h4 Rae8 24. Qc4+ Qf7 25. Qxf7+ Kxf7 26. Bb3+ Kg7 27. Rae1
Ba6 28. Rxe8 Rxe8 29. Rc1 c5 30. c4 Re2 31. Rd1 Rxb2 32. Rxd6 Rb1+ 33. Kh2 Re1
34. Rd7+ Kf6 35. Rxa7 Bc8 36. Rxh7 Re2 37. Rh8 Bd7 38. Kg3 Bc6 39. Rb8 Ke6 40.
Rxb6 Kd6 41. Rb8 f4+ 42. Kxf4 Rxf2+ 43. Kg5 Rxg2+ 44. Kh6 Be4 45. Rg8 Ke6 46.
Rc8 Kd6 47. Re8 Bf5 48. Re1 Rg4 49. Rh1 Ke6 50. a4 Kf6 51. a5 g5 52. hxg5+ Rxg5
53. Bd1 Rg6+ 54. Kh5 Rg5+ 55. Kh4 Kg6 56. Bf3 Bd3 57. a6 Bxc4 58. a7 Bd5 59.
Bxd5 Rxd5 60. a8=Q Rh5+ 61. Kg3 Rg5+ 62. Kf3 Rf5+ 63. Ke4 Kf6 64. Qf8+ Ke6 65.
Qxf5+ {Black resigns} 1-0

[Event "Team 45 45 League T24"]
[Site "Internet Chess Club"]
[Date "2004.09.19"]
[Round "2"]
[White "ChessyStud"]
[Black "Ser-Enigma"]
[Result "0-1"]
[WhiteElo "2094"]
[BlackElo "2059"]
[TimeControl "2700+45"]

1. e4 c6 2. d4 d5 3. Nc3 dxe4 4. Nxe4 Nd7 5. Bc4 Ngf6 6. Ng5 e6 7. N1f3 h6 8.
Nh3 Bd6 9. O-O Qc7 10. Be3 Ng4 11. g3 Bxg3 12. Ne5 Bxh2+ 13. Kh1 Ngxe5 14. dxe5
Bxe5 15. f4 Bxb2 16. Rb1 Bf6 17. f5 Ne5 18. Bf4 Qe7 19. Bb3 exf5 20. Re1 O-O 21.
Qh5 Qc5 22. Bxh6 gxh6 23. Qxh6 Ng4 24. Rg1 Bg7 25. Qg6 Be6 26. Bxe6 fxe6 27.
Rxb7 Qe5 28. Nf4 Qf6 {White resigns} 0-1

[Event "Team 45 45 League T24"]
[Site "Internet Chess Club"]
[Date "2004.09.20"]
[Round "2"]
[White "DTK"]
[Black "godkiller"]
[Result "0-1"]
[WhiteElo "1958"]
[BlackElo "1990"]
[TimeControl "2700+45"]

1. e4 e6 2. d4 b6 3. Nf3 Bb7 4. Bd3 Nf6 5. Qe2 d5 6. e5 Ne4 7. O-O c5 8. c3 Be7
9. Nbd2 Nxd2 10. Bxd2 Nc6 11. Rac1 O-O 12. Be3 Rc8 13. Nd2 cxd4 14. cxd4 Nb4 15.
a3 Nxd3 16. Qxd3 a6 17. Rc3 Rxc3 18. Qxc3 Qd7 19. Qb3 b5 20. Qd3 Rc8 21. Nb3 a5
22. Nxa5 b4 23. Nxb7 Qxb7 24. Qb3 Rc4 25. h3 Qa7 26. a4 h6 27. Ra1 Qa5 28. Qd3
Bf8 29. b3 Rc3 30. Qd1 Be7 31. Rc1 Bf8 32. h4 Qd8 33. g3 Be7 34. Rxc3 bxc3 35.
Qc2 Bb4 36. Kf1 Qa5 37. Ke2 Qa6+ 38. Qd3 Qc8 39. Kd1 Kf8 40. Kc2 Qb7 41. f3 Ke8
42. Bf2 Ba3 43. Be1 Bb4 44. Bxc3 Ba3 45. Qb5+ Qxb5 46. axb5 Be7 47. Ba5 Kd7 48.
Bb6 h5 49. Bc5 Bd8 50. Kd3 Kc7 51. Kc3 Kb7 52. Kb4 Bc7 53. Bf8 g6 54. Bc5 Bd8
55. Kc3 Ba5+ 56. b4 Bd8 57. Kd3 Kc7 58. Ke3 Kb7 59. Kf2 Kc7 60. Kg2 Kb7 61. Kh3
Kc7 62. g4 Kb7 63. g5 Kc7 64. Kg3 Kb7 65. Kf2 Kc7 66. Ke2 Kb7 67. Kd3 Kc7 68.
Kc3 Kb7 69. Kb3 Kc7 70. Ka4 Kb7 71. b6 Bxg5 72. Kb3 Bxh4 73. Kc2 Bd8 74. Kd3 h4
75. Ke3 g5 76. Kf2 Bxb6 77. Kg2 Bd8 78. Kh3 Kc6 79. Kg4 f6 80. exf6 Bxf6 81. f4
gxf4 82. Kxf4 Kb5 83. Ke3 Kc4 {White resigns} 0-1

[Event "Team 45 45 League T24"]
[Site "Internet Chess Club"]
[Date "2004.09.19"]
[Round "2"]
[White "bobhill"]
[Black "DeepHmmm"]
[Result "0-1"]
[WhiteElo "1992"]
[BlackElo "2287"]
[TimeControl "2700+45"]

1. d4 Nf6 2. Nf3 e6 3. Bg5 h6 4. Bh4 g5 5. Bg3 Ne4 6. c3 Bg7 7. Qc2 Nxg3 8. hxg3
d6 9. Nbd2 Nd7 10. e3 a6 11. Be2 Qe7 12. O-O-O Rb8 13. Rh2 b5 14. Rdh1 Bb7 15.
Ne4 Bxe4 16. Qxe4 d5 17. Qc2 c5 18. dxc5 Nxc5 19. Nd4 Kd7 20. Rd1 Rhc8 21. Bg4
Kc7 22. Qh7 Qf6 23. b4 Ne4 24. Bxe6 Rh8 25. Qf5 Qxf5 26. Bxf5 Nxc3 27. Rd2 Kb6
28. Rc2 Bxd4 29. exd4 Ne4 30. Rh1 Nd6 31. Bd7 Nc4 32. Re1 Rb7 33. Bf5 a5 34.
bxa5+ Kxa5 35. Rce2 Nd6 36. Bg4 Rc7+ 37. Rc2 Nc4 38. Bf5 Kb6 39. Ree2 Kc6 40.
Kd1 Kd6 41. Ke1 h5 42. f4 h4 43. Kf2 gxf4 44. gxf4 Ra7 45. Rc3 Rha8 46. Bb1 Ra3
47. Rxa3 Rxa3 48. Bf5 b4 49. Bg4 Na5 50. Bh5 Nc6 51. Bxf7 Nxd4 52. Rd2 Kc5 53.
f5 Ra7 54. Bg6 Nxf5 55. Bxf5 Rf7 56. Kf3 Rxf5+ 57. Kg4 Rf8 58. Kxh4 d4 59. g4
Rd8 60. Kg3 d3 61. Kf2 Kc4 62. Ke1 Kc3 63. Rg2 Rh8 64. Rg1 Kc2 65. Rg2+ Kc1 66.
g5 Re8+ 67. Kf1 d2 {White resigns} 0-1

[Event "Team 45 45 League T24"]
[Site "Internet Chess Club"]
[Date "2004.09.17"]
[Round "2"]
[White "achessman"]
[Black "BaroneRosso"]
[Result "1/2-1/2"]
[WhiteElo "1904"]
[BlackElo "1910"]
[TimeControl "2700+45"]

1. e4 c5 2. b3 b6 3. Bb2 Bb7 4. d3 d6 5. f4 Nc6 6. Nf3 e6 7. g3 Nf6 8. Bg2 Be7
9. O-O O-O 10. Nbd2 d5 11. exd5 Nxd5 12. Qe2 Bf6 13. Bxf6 Qxf6 14. Ne4 Qe7 15.
c4 Nf6 16. Nxf6+ gxf6 17. Rad1 Rad8 18. f5 e5 19. Nd2 Kh8 20. Ne4 Nd4 21. Qh5
Nc2 22. Qe2 Nd4 23. Qh5 {Game drawn by mutual agreement} 1/2-1/2

[Event "Team 45 45 League T24"]
[Site "Internet Chess Club"]
[Date "2004.09.18"]
[Round "2"]
[White "Beetlejuice"]
[Black "HadshiHalefOmar"]
[Result "1/2-1/2"]
[WhiteElo "1913"]
[BlackElo "1895"]
[TimeControl "2700+45"]

1. d4 d5 2. Nf3 c6 3. e3 Bf5 4. c4 Nf6 5. Nc3 a6 6. Qb3 b5 7. cxd5 Nxd5 8. a4
Nxc3 9. bxc3 Nd7 10. Be2 e6 11. O-O Bd6 12. Ba3 Nb6 13. Bxd6 Qxd6 14. axb5 axb5
15. Rxa8+ Nxa8 16. c4 bxc4 17. Bxc4 O-O {Game drawn by mutual agreement} 1/2-1/2

[Event "Team 45 45 League T24"]
[Site "Internet Chess Club"]
[Date "2004.09.19"]
[Round "2"]
[White "tourettes"]
[Black "camembert"]
[Result "0-1"]
[WhiteElo "1787"]
[BlackElo "1841"]
[TimeControl "2700+45"]

1. e4 e5 2. Nf3 Nc6 3. Bb5 a6 4. Ba4 Nf6 5. O-O Nxe4 6. d4 b5 7. Bb3 d5 8. Nxe5
Nxe5 9. dxe5 c6 10. Be3 Bc5 11. Nd2 Nxd2 12. Qxd2 Bxe3 13. Qxe3 O-O 14. a4 Bf5
15. axb5 axb5 16. Rxa8 Qxa8 17. f4 Qb7 18. Ra1 Ra8 19. Rxa8+ Qxa8 20. Qb6 h6 21.
Kf2 Be4 22. Qc5 Qc8 23. h3 Qf5 24. Qxc6 Qxf4+ 25. Ke2 Qxe5 26. Kf2 Qxb2 27. Kg3
Qe5+ 28. Kf2 Qf4+ 29. Kg1 Qd2 30. Qc8+ Kh7 31. Qg4 Bxc2 32. Bxc2+ Qxc2 33. Qd4
Qc4 34. Qf4 {White resigns} 0-1

[Event "Team 45 45 League T24"]
[Site "Internet Chess Club"]
[Date "2004.09.19"]
[Round "2"]
[White "mitdale"]
[Black "TheDwarf"]
[Result "1-0"]
[WhiteElo "1675"]
[BlackElo "1831"]
[TimeControl "2700+45"]

1. e4 e5 2. Nf3 Nc6 3. Bb5 a6 4. Ba4 Nf6 5. O-O Nxe4 6. d4 b5 7. Bb3 d5 8. dxe5
Be6 9. c3 Bc5 10. Nbd2 O-O 11. Bc2 f5 12. Nb3 Bb6 13. Nfd4 Nxd4 14. Nxd4 Bxd4
15. Qxd4 c5 16. Qd1 f4 17. f3 Ng5 18. Re1 h6 19. Bd2 Qe7 20. Qc1 Qf7 21. Re2
Rad8 22. h4 Nh7 23. Qb1 g5 24. hxg5 Nxg5 25. Kf2 Qh5 26. Qh1 Qxh1 27. Rxh1 Kg7
28. Rh4 d4 29. cxd4 Rxd4 30. Bc3 Rd7 31. b3 b4 32. Bd2 Rd4 33. Bc1 c4 34. Rd2
Rxd2+ 35. Bxd2 c3 36. Bxf4 Bf5 37. Bxf5 Rxf5 38. Bxg5 a5 39. Bxh6+ Kg6 40. Bc1
Rxe5 41. Re4 Rd5 42. Ke2 Kf7 43. g4 Kg6 44. Re6+ Kf7 45. Re4 Kf6 46. f4 Kf7 47.
Re5 Rd4 48. Rxa5 Re4+ 49. Be3 c2 50. Rc5 {Black resigns} 1-0

[Event "Team 45 45 League T24"]
[Site "Internet Chess Club"]
[Date "2004.09.19"]
[Round "2"]
[White "Winclick"]
[Black "Xidnan"]
[Result "1-0"]
[WhiteElo "1742"]
[BlackElo "1569"]
[TimeControl "2700+45"]

1. d4 d5 2. c4 e6 3. Nc3 Nf6 4. Bg5 Be7 5. cxd5 Nxd5 6. Bxe7 Qxe7 7. e4 Nxc3 8.
bxc3 O-O 9. Bd3 b6 10. Qh5 Bb7 11. Nf3 Nd7 12. e5 h6 13. O-O c5 14. a4 Rac8 15.
Rfc1 cxd4 16. cxd4 Rxc1+ 17. Rxc1 Qa3 18. Rd1 Qxa4 19. Ng5 Qc6 20. Be4 Qc7 21.
Bh7+ Kh8 22. Nxf7+ Kxh7 23. Ng5+ Kg8 24. Nxe6 Qc6 25. d5 Qc2 26. Nxf8 Nxf8 27.
e6 Qe4 28. Qf7+ Kh7 29. e7 Ng6 30. e8=Q {Black resigns} 1-0

[Event "Team 45 45 League T24"]
[Site "Internet Chess Club"]
[Date "2004.09.18"]
[Round "2"]
[White "Garry"]
[Black "Whacker"]
[Result "1-0"]
[WhiteElo "1474"]
[BlackElo "1568"]
[TimeControl "2700+45"]

1. e4 e6 2. d4 d5 3. exd5 exd5 4. Bd3 Nc6 5. c3 Bd6 6. Nf3 Bg4 7. Be3 Nge7 8.
Nbd2 Qd7 9. h3 Bf5 10. Bxf5 Nxf5 11. Qc2 O-O-O 12. O-O-O Rde8 13. Rde1 Re7 14.
Nb3 Rhe8 15. Bd2 Re2 16. Kd1 R2e7 17. g4 Rxe1+ 18. Rxe1 Rxe1+ 19. Kxe1 Qe7+ 20.
Kd1 Nh6 21. Bxh6 gxh6 22. Qxh7 Qf6 23. Qf5+ Qxf5 24. gxf5 b6 25. Nbd2 Ne7 26. f6
Ng8 27. Ne5 Nxf6 28. Nxf7 Ne4 29. Nxe4 dxe4 30. Nxh6 Kd7 31. Nf5 Bf4 32. Ke2 Ke6
33. Ne3 c6 34. f3 exf3+ 35. Kxf3 Bg5 36. Ke4 a6 37. Nf5 Bc1 38. b3 Bb2 39. c4
Ba3 40. h4 Kf6 41. h5 Bf8 42. h6 Kg6 43. Ke5 Bb4 44. d5 cxd5 45. cxd5 Bc3+ 46.
Ke6 Bf6 47. d6 Bg5 48. Ne7+ Kxh6 49. d7 b5 50. d8=Q a5 51. Qh8# {Black
checkmated} 1-0

[Event "Team 45 45 League T24"]
[Site "Internet Chess Club"]
[Date "2004.09.20"]
[Round "2"]
[White "Beats20Cents"]
[Black "zota"]
[Result "0-1"]
[WhiteElo "1823"]
[BlackElo "1829"]
[TimeControl "2700+45"]

1. e4 c5 2. Nf3 d6 3. d4 cxd4 4. Nxd4 Nf6 5. Nc3 a6 6. Bg5 e6 7. f4 Qb6 8. Qd2
Qxb2 9. Nb3 Qa3 10. Bxf6 gxf6 11. Be2 h5 12. O-O Nd7 13. Qe3 b5 14. Bxb5 Be7 15.
Bc6 Rb8 16. Qa7 Qb4 17. Rf3 Bd8 18. Bxd7+ Bxd7 19. Qxa6 Rc8 20. Qd3 h4 21. a3
Qb6+ 22. Kh1 h3 23. Rxh3 Rxh3 24. Qxh3 Qf2 25. Qd3 Qxf4 26. Rf1 Qe5 27. Ne2 Bb5
28. Qe3 Rxc2 29. Re1 Qb2 {White resigns} 0-1